 Dungeon Crawl Stone Soup version 0.30-a0-782-ge64f9170bb (webtiles) character file.

Game seed: 10181992673586598775

1586 funkygono the Firebug (level 8, 0/42 HPs)
             Began as a Gargoyle Fire Elementalist on Feb 20, 2023.
             Killed from afar by Eustachio (12 damage)
             ... with a puff of flame
             ... on level 6 of the Dungeon.
             The game lasted 00:07:36 (4899 turns).

funkygono the Firebug (Gargoyle Fire Elementalist)  Turns: 4899, Time: 00:07:37

Health: 0/42       AC:  9    Str: 12    XL:     8   Next: 92%
Magic:  12/17      EV: 27    Int: 18    God:
Gold:   243        SH:  0    Dex: 10    Spells: 13/20 levels left

rFire   . . .      SeeInvis .    m - +2 whip
rCold   . . .      Faith    .    (no shield)
rNeg    + + .      Spirit   .    a - +1 robe
rPois   ∞          Reflect  .    (no helmet)
rElec   +          Harm     .    w - +0 cloak
rCorr   .          Rampage  .    (no gloves)
Will    .....                    (no boots)
Stlth   ++                       k - amulet of the acrobat
HPRegen 0.27/turn                v - ring of positive energy
MPRegen 0.15/turn                (no ring)

@: acrobatic
A: sickness immunity, AC +5, negative energy resistance 1, electricity
resistance, torment resistance 1, petrification resistance
a: no special abilities


You were on level 6 of the Dungeon.
You visited 1 branch of the dungeon, and saw 6 of its levels.

You collected 243 gold pieces.

Inventory:

Hand Weapons
 l - a +0 flail of draining
 m - a +2 whip (weapon)
 q - a +0 quarterstaff
Armour
 a - a +1 robe (worn)
 h - a +2 buckler
 o - a +2 leather armour of poison resistance
 w - a +0 cloak (worn)
Jewellery
 k - an amulet of the acrobat (around neck)
 v - a ring of positive energy (left hand)
Wands
 s - a wand of charming (6)
Scrolls
 c - a scroll of fear {unknown}
 e - 2 scrolls of enchant armour
 n - a scroll of magic mapping
 u - a scroll of noise {unknown}
Potions
 d - 7 potions of curing
 f - 3 potions of might {unknown}
 g - 3 potions of lignification {unknown}
 i - 8 potions of heal wounds
 j - a potion of ambrosia {unknown}
 p - 2 potions of attraction {unknown}
 r - 2 potions of degeneration {unknown}
 t - a potion of flight {unknown}


   Skills:
 + Level 0.4 Fighting
 + Level 0.8 Maces & Flails
 + Level 2.2 Dodging
 - Level 2.1 Stealth
 + Level 6.6 Spellcasting
 + Level 5.3 Conjurations
 + Level 7.1 Fire Magic


You had 13 spell levels left.
You knew the following spells:

 Your Spells              Type           Power      Damage    Failure   Level
a - Foxfire               Conj/Fire      100%       2x1d9     1%          1
b - Scorch                Fire           62%        2d8       1%          2
c - Flame Wave            Conj/Fire      28%        2d9       9%          4

Your spell library contained the following spells:

 Spells                   Type           Power      Damage    Failure   Level
 Inner Flame              Hex/Fire       18%        N/A       8%          3
 Kindle Blastsparks       Fire/Tloc/Air  28%        2d12      13%         3
 Manifold Assault         Tloc           5%         N/A       75%         4
 Dispersal                Tloc           2%         N/A       100%        6
 Disjunction              Tloc           2%         N/A       100%        8


Dungeon Overview and Level Annotations

Branches:
Dungeon (6/15)
 Temple: D:4-7

Altars:
The Shining One

Shops:
D:4 *

Annotations:
D:6 Eustachio


Innate Abilities, Weirdness & Mutations

You are immune to sickness and miasma.
Your stone body is resilient. (AC +5)
You are immune to poison.
You resist negative energy. (rN+)
You are resistant to electric shocks. (rElec)
You are resistant to unholy torment.
You are immune to petrification.


Message History

A crimson imp is nearby!
Eustachio screams, "This atrocity can only be purified with blood!"
You see here a hound corpse.
The white imp gestures at you. The puff of frost misses you.
The white imp attacks as you move away! The white imp barely misses you.
The crimson imp blinks!
You barely miss the white imp.
The white imp hits you but does no damage.
Eustachio mumbles some strange words.
Eustachio blinks!
You hit the white imp but do no damage.
The white imp hits you but does no damage.
You hit the white imp but do no damage.
The crimson imp disappears in a puff of smoke!
Eustachio hits you with a +0 falchion. The white imp barely misses you.
Casting: Flame Wave (quite dangerous; 9% risk of failure)
Confirm with . or Enter, or press ? or * to list all spells.
The spell is quite dangerous to miscast (9% risk of failure)!
Continue anyway?
Okay, then.
Magic courses through your body. Eustachio hits you but does no damage.
The white imp gestures at you. The puff of frost hits you!
Casting: Flame Wave (quite dangerous; 9% risk of failure)
Confirm with . or Enter, or press ? or * to list all spells.
The spell is quite dangerous to miscast (9% risk of failure)!
Continue anyway?
Casting: Flame Wave (quite dangerous; 9% risk of failure)
Press: ? - help, Dir - look around, f - activate A wave of flame ripples out!
The flame wave engulfs Eustachio!
Eustachio is heavily wounded.
The flame wave engulfs the white imp!
The white imp is burned terribly!
You kill the white imp! (Press . to intensify the flame waves.) Eustachio hits you with a +0 falchion!
* * * LOW HITPOINT WARNING * * *
Unknown command.
A wave of flame ripples out!
The flame wave engulfs Eustachio!
Eustachio is severely wounded.
Eustachio zaps a wand.
The puff of flame hits you!
You die...

#..##############....####'##
#........#......#....#.....#
#........'......'....#.....# .
#..##...######..#....#.....#
...#####...#########....#.....#
#.....#...........#....##'####
#.....'...........#...........
#.....#.....@.....#.......<...
#.....#....†.@....#...........
##.....#'###'#######...........
................. .....#######
................. .....
................. .....
................. ....
..................
..@..?#####....#'## ......
....#


You could see Eustachio.

Vanquished Creatures
  4 water moccasins
  2 ice beasts (D:5)
  2 black bears (D:4)
  2 ogres (D:6)
  A centaur (D:4)
  A necrophage (D:5)
  A scorpion (D:5)
  A howler monkey (D:5)
  5 hounds
  2 orc priests
  An orc wizard (D:4)
  5 adders
  A shadow imp (D:5)
  2 white imps
  An ufetubus (D:6)
  5 worms
  11 orcs
  5 ball pythons
  5 endoplasms
  2 giant cockroaches
  9 goblins
  9 hobgoblins
  3 jackals (D:2)
  4 quokkas (D:2)
  6 bats
  6 frilled lizards
  5 kobolds
  3 rats
104 creatures vanquished.

Vanquished Creatures (others)
  437 foxfires
437 creatures vanquished.

Grand Total: 541 creatures vanquished

Notes
Turn   | Place    | Note
-------+----------+-------------------------------------------
     0 | D:1      | funkygono the Gargoyle Fire Elementalist began the quest
                  | for the Orb.
     0 | D:1      | Reached XP level 1. HP: 10/10 MP: 3/3
   203 | D:1      | Reached XP level 2. HP: 14/15 MP: 0/5
   649 | D:1      | Learned a level 2 spell: Scorch
  1171 | D:2      | Reached XP level 3. HP: 19/19 MP: 2/6
  1457 | D:2      | Reached skill level 4 in Fire Magic
  1515 | D:2      | Reached XP level 4. HP: 24/24 MP: 3/8
  1520 | D:2      | Learned a level 4 spell: Flame Wave
  2511 | D:3      | You fall into a shaft and drop 2 floors!
  2511 | D:5      | Entered Level 5 of the Dungeon
  2609 | D:4      | Reached XP level 5. HP: 19/28 MP: 1/9
  2704 | D:4      | Found Ofiuli's Gadget Gallery.
  2713 | D:4      | Noticed a water moccasin
  2731 | D:4      | Killed a water moccasin
  2732 | D:4      | Reached XP level 6. HP: 21/32 MP: 1/12
  2902 | D:4      | Noticed a black bear
  2909 | D:4      | Killed a black bear
  2910 | D:4      | Reached skill level 5 in Fire Magic
  3311 | D:4      | Noticed a black bear
  3320 | D:4      | Killed a black bear
  3321 | D:4      | Reached XP level 7. HP: 36/36 MP: 7/13
  3835 | D:5      | Reached skill level 5 in Spellcasting
  4060 | D:5      | Reached skill level 6 in Fire Magic
  4060 | D:5      | Reached XP level 8. HP: 42/42 MP: 6/16
  4401 | D:5      | Found a glowing golden altar of the Shining One.
  4494 | D:5      | Reached skill level 5 in Conjurations
  4867 | D:6      | Noticed Eustachio
  4876 | D:6      | Reached skill level 7 in Fire Magic
  4899 | D:6      | Killed from afar by Eustachio

Illustrated notes

Levels and vault maps discovered:
D:1:      giann_forest_graveyard, layout_loops_ring, st_stairs_14
D:2:      layout_basic
D:3:      layout_loops_ring
D:4:      layout_basic, nicolae_shop_gadgets
D:5:      layout_rooms, nicolae_overflow_hidden_temple,
          kennysheep_generic_room_10
D:6:      layout_gridville, uniq_eustachio

Skill      XL: |  1  2  3  4  5  6  7  8 |
---------------+-------------------------+-----
Fire Magic     | 4 5 6 7 |  7.1
Spellcasting   | 3 4 5 6 |  6.6
Conjurations   | 2 3 4 5 |  5.3
Dodging        | 2 |  2.2
Fighting       | |  0.4
Maces & Flails | |  0.8
Stealth        | |  2.1

Action                     |  1- 3 |  4- 6 |  7- 9 || total
---------------------------+-------+-------+-------++-------
  Melee: Unarmed           |     2 |       |       ||     2
         Whip              |       |     8 |     5 ||    13
   Cast: Foxfire           |    61 |    87 |   104 ||   252
         Scorch            |       |     2 |    15 ||    17
         Flame Wave        |       |       |     2 ||     2
    Use: Scroll            |       |       |     9 ||     9
         Potion            |       |       |     1 ||     1
 Armour: Robe              |     8 |     2 |    17 ||    27
  Dodge: Dodged            |    40 |    20 |    28 ||    88

Table legend: (Time is in decaauts)
 A = Elapsed time spent in this place.
 B = Non-inter-level travel time spent in this place.
 C = Inter-level travel time spent in this place.
 D = Time resting spent in this place.
 E = Time spent auto-exploring this place.
 F = Levels seen in this place.
 G = Mean time per level.
                   A        B        C        D        E       F      G
               +--------+--------+--------+--------+--------+-----+--------+
         Total |   4899 |   4800 |     99 |     95 |   3943 |   6 |  816.5 |
       Dungeon |   4899 |   4800 |     99 |     95 |   3943 |   6 |  816.5 |
               +--------+--------+--------+--------+--------+-----+--------+

Top non-repeatable levels by time:
     D:4: 1106 daAuts
     D:1: 1100 daAuts
     D:5: 1075 daAuts
     D:2: 880 daAuts
     D:3: 529 daAuts
     D:6: 207 daAuts
